AoeStats
← gothsgothsgoths

Arabia

510030083Analyzed
2v2 RM · 4d ago on Sep 29, 2026· 15m 53s· 4 players
Game mode
Random Map
Map size
Medium (4 player)
Population
200
Speed
Normal
Resources
Standard
Victory
Conquest
Starting age
Dark Age
Ending age
Imperial Age
RankedLock teamsTeams togetherTeam positionsShared explorationLock speedFull tech treeHidden civsTurbo modeCheats
Victory
Defeat
🇺🇸 Varangians · United States
1106
+14
🇺🇸 Ethiopians · United States
1068
+16
🇺🇸 Ethiopians · United States
1095
-16
🇺🇸 Magyars · United States
1048
-34
ask
7:30 Loom
9:50 Feudal Age
10:31 Double-Bit Axe
12:46 Fletching
Swanurine
11:23 Feudal Age
tomfreakncruz
6:33 Loom
9:48 Feudal Age
10:22 Double-Bit Axe
10:26 Horse Collar
14:36 Bloodlines
gothsgothsgoths
9:20 Feudal Age
9:11 Loom
11:58 Double-Bit Axe
14:46 Fletching
Connection lost

Rejoining the realm…

Still unreachable

The connection could not be restored.

Session expired

The server has moved on; the page needs a fresh start.